 Dungeon Crawl Stone Soup version 0.19-a0-664-g51fd293 (webtiles) character file.

86 stigmas the Grave Robber (level 4, 0/31 HPs)
             Began as a Demonspawn Necromancer on June 16, 2016.
             Slain by an adder (4 damage)
             ... on level 3 of the Dungeon.
             The game lasted 00:05:59 (1949 turns).

stigmas the Grave Robber (Demonspawn Necromancer)   Turns: 1949, Time: 00:06:00

Health: 0/31       AC:  6    Str:  9    XL:     4   Next: 27%
Magic:  2/8        EV: 12    Int: 17    God:
Gold:   70         SH:  2    Dex: 13    Spells: 1 memorised, 7 levels left

rFire  + . .     SeeInvis .     e - -3 dagger (curse)
rCold  . . .     Gourm    .     a - +0 robe
rNeg   . . .     Faith    .     (no shield)
rPois  .         Spirit   .     (no helmet)
rElec  .         Dismiss  .     (no cloak)
rCorr  .         Reflect  .     d - +1 pair of gloves
SustAt .         Harm     .     (no boots)
MR     .....                    (no amulet)
Stlth  ++........               (no ring)
                                (no ring)

@: lethally poisoned (0 -> -16), not resistant to hostile enchantments,
unstealthy
A: large bone plates 1, fire resistance 1
a: no special abilities


You were on level 3 of the Dungeon.
You were not hungry.

You visited 1 branch of the dungeon, and saw 3 of its levels.

You collected 70 gold pieces.

Inventory:

Hand Weapons
 e - a cursed -3 dagger (weapon)
 h - a +0 short sword
 i - a +0 hand axe
Armour
 a - a +0 robe (worn)
 d - a +1 pair of gloves (worn)
Scrolls
 l - a scroll of identify
Potions
 f - a potion of flight
 g - 3 potions of curing {unknown}
Books
 b - a book of Necromancy

   Spells                             Type                      Level
   a - Pain                           Necromancy                   1
   b - Animate Skeleton               Necromancy                   1
   c - Vampiric Draining              Necromancy                   3
   d - Regeneration                   Charms/Necromancy            3
   e - Animate Dead                   Necromancy                   4
   f - Control Undead                 Necromancy                   4
Comestibles
 c - a bread ration
 m - a meat ration


   Skills:
 * Level 0.6 Fighting
 + Level 2.0 Dodging
 - Level 1.7 Stealth
 * Level 2.8 Spellcasting
 * Level 5.5 Necromancy


You had 7 spell levels left.
You knew the following spells:

 Your Spells              Type           Power        Failure   Level  Hunger
a - Pain                  Necr           ###.         1%          1    #......


Dungeon Overview and Level Annotations

Branches:
Dungeon (3/15)

Altars:
Qazlal


Innate Abilities, Weirdness & Mutations

You are partially covered in large bone plates. (AC +2, SH +2)
Your flesh is heat resistant. (rF+)


Message History

The adder is lightly wounded.
You feel sick. The adder bites you but does no damage.
You barely miss the adder.
The adder is lightly wounded.
You feel sick. The adder misses you. The adder bites you.
* * * LOW HITPOINT WARNING * * *
You are lethally poisoned!
The adder poisons you!
You hit the adder but do no damage.
The adder is lightly wounded.
* * * LOW HITPOINT WARNING * * *
You feel sick. The adder bites you.
* * * LOW HITPOINT WARNING * * *
You are more poisoned.
The adder poisons you!
You closely miss the adder.
The adder is lightly wounded.
* * * LOW HITPOINT WARNING * * *
You feel sick. The adder bites you.
You die...

#.# #)# # #.# ##.
#####.#### #..
#........# #.##
#..>......... ...
#<.......#### #.#
###############.####.##
#.....@Sg........
########...###### #.#.#
#...# #...........
#...##......#. ...#
#....#... .. ..####...
..# .


You could see an adder and a goblin.

Vanquished Creatures
  Terence (D:3)
  A gnoll (D:1)
  2 adders (D:2)
  A ball python (D:2)
  2 giant cockroaches
  5 goblins
  5 hobgoblins
  2 jackals (D:1)
  6 bats
  2 giant newts
  4 kobolds
  4 rats
  A toadstool (D:1)
36 creatures vanquished.

Vanquished Creatures (others)
  3 toadstools (D:1)
3 creatures vanquished.

Grand Total: 39 creatures vanquished

Notes
Turn   | Place    | Note
--------------------------------------------------------------
     0 | D:1      | stigmas the Demonspawn Necromancer began the quest for the Orb.
     0 | D:1      | Reached XP level 1. HP: 13/13 MP: 3/3
    53 | D:1      | Gained mutation: You are partially covered in large bone plates. (AC +2, SH +2) [demonic ancestry]
    53 | D:1      | Reached XP level 2. HP: 17/19 MP: 0/5
   189 | D:1      | Reached skill level 5 in Necromancy
  1070 | D:2      | Reached XP level 3. HP: 23/25 MP: 2/6
  1289 | D:2      | Found a stormy altar of Qazlal.
  1908 | D:3      | Noticed Terence
  1923 | D:3      | Killed Terence
  1923 | D:3      | Gained mutation: Your flesh is heat resistant. (rF+) [demonic ancestry]
  1923 | D:3      | Reached XP level 4. HP: 21/31 MP: 0/8
  1949 | D:3      | Slain by an adder

Vault maps used:
D:1:      ldierk_water_garden
D:2:      lemuel_doored_altar, solitary_fountain, minmay_misc_feat_chi
D:3:      marbit_many_paths, uniq_terence

Skill      XL: |  1  2  3 |
---------------+----------+-----
Necromancy     | 5 |  5.5
Dodging        | 2 |  2.0
Fighting       | |  0.6
Stealth        | |  1.7
Spellcasting   | |  2.8

Action                   |  1- 3 |  4- 6 || total
-------------------------+-------+-------++-------
Melee: Unarmed           |     4 |       ||     4
       Dagger            |    52 |    15 ||    67
 Cast: Pain              |    66 |     2 ||    68
  Use: Scroll            |     2 |     1 ||     3
  Eat: Chunk             |     4 |       ||     4
Armor: Robe              |    23 |     4 ||    27
Dodge: Dodged            |    47 |    15 ||    62
Block: Other             |     7 |     1 ||     8
